 Dungeon Crawl Stone Soup version 0.19.1 (webtiles) character file.

71 Peloso the Skirmisher (level 4, -5/36 (40) HPs)
             Began as a Ghoul Fighter on Dec 15, 2016.
             Slain by a gnoll
             ... wielding a +0 flail
              (7 damage)
             ... on level 2 of the Dungeon.
             The game lasted 00:03:13 (887 turns).

Peloso the Skirmisher (Ghoul Fighter)                Turns: 887, Time: 00:03:14

HP:   -5/36 (40)    AC:  7    Str: 20    XL:     4   Next: 24%
MP:   3/3           EV:  7    Int:  3    God:
Gold: 34            SH:  9    Dex:  8    Spells: 0 memorised, 3 levels left

rFire  . . .     SeeInvis .     a - +0 long sword
rCold  + . .     Gourm    .     b - +0 scale mail
rNeg   + + +     Faith    .     c - +0 shield
rPois  ∞         Spirit   .     (no helmet)
rElec  .         Reflect  .     (no cloak)
rCorr  .         Harm     .     j - +0 pair of gloves
MR     .....                    (no boots)
Stlth  ..........               (no amulet)
                                (no ring)
                                (no ring)

@: rotting
A: rotting body, claws 1, carnivore 3, cold resistance 1, negative energy
resistance 3, slow regeneration 1, torment resistance, unbreathing
a: no special abilities


You were on level 2 of the Dungeon.
You were not hungry.

You visited 1 branch of the dungeon, and saw 2 of its levels.

You collected 34 gold pieces.

Inventory:

Hand Weapons
 a - a +0 long sword (weapon)
Armour
 b - a +0 scale mail (worn)
 c - a +0 shield (worn)
 h - a +0 plate armour
 j - a +0 pair of gloves (worn)
Scrolls
 e - a scroll of random uselessness {unknown}
 i - a scroll of fear {unknown}
 k - a scroll of enchant armour {unknown}
 l - 4 scrolls of identify {unknown}
 n - a scroll of immolation {unknown}
Potions
 d - a potion of might
 g - a potion of heal wounds {unknown}
 o - a potion of degeneration {unknown}
Comestibles
 f - 2 meat rations
 m - a slice of pizza


   Skills:
 + Level 4.0 Fighting
 + Level 2.4 Long Blades
 + Level 3.0 Armour
 + Level 0.5 Dodging
 + Level 3.2 Shields


You had 3 spell levels left.
You didn't know any spells.

Dungeon Overview and Level Annotations

Branches:
Dungeon (2/15)

Altars:
Okawaru
The Shining One


Innate Abilities, Weirdness & Mutations

Your body is rotting away.
You thrive on raw meat.
You are immune to poison.
You have sharp fingernails.
You are carnivorous and can eat meat at any time.
Your flesh is cold resistant. (rC+)
You are immune to negative energy. (rN+++)
You regenerate slowly when monsters are visible.
You are immune to unholy pain and torment.
You can survive without breathing.


Message History

The gnoll hits you but does no damage.
You closely miss the gnoll. The gnoll hits you with a flail!
* * * LOW HITPOINT WARNING * * *
The gnoll hits you but does no damage.
You hit the gnoll.
The gnoll is lightly wounded.
The gnoll closely misses you.
You riposte.
You slash the gnoll!
The gnoll is almost dead.
The gnoll hits you but does no damage.
Your shield and scale mail prevent you from hitting the gnoll.
The gnoll is lightly wounded.
You block the gnoll's attack. x2; The gnoll hits you but does no damage. x2
You slash the gnoll!
The gnoll is almost dead.
You block the gnoll's attack. The gnoll hits you with a club.
* * * LOW HITPOINT WARNING * * *
You completely miss the gnoll.
The gnoll is almost dead.
The gnoll closely misses you. The gnoll hits you with a flail!
You die...

###............##.#
#.#.####..#####.#
#...# #..# #.#
##### #..#####.#
#........#
#.########
#.##########
#.##g.......
#.###.##@#
#...†..)g#
###.....## ##<..##
##.## #.# #.# #+#


You could see 2 gnolls.

Vanquished Creatures
  An adder (D:2)
  2 gnolls
  An ooze (D:1)
  A worm (D:1)
  4 bats
  A giant cockroach (D:1)
  6 goblins
  4 hobgoblins (D:1)
  7 jackals (D:1)
  3 frilled lizards (D:1)
  A kobold (D:1)
  2 rats (D:1)
33 creatures vanquished.

Notes
Turn   | Place    | Note
-------+----------+-------------------------------------------
     0 | D:1      | Peloso the Ghoul Fighter began the quest for the Orb.
     0 | D:1      | Reached XP level 1. HP: 19/19 MP: 0/0
   102 | D:1      | Reached XP level 2. HP: 24/25 MP: 1/1
   207 | D:1      | Reached XP level 3. HP: 6/33 MP: 2/2
   523 | D:1      | Found a glowing golden altar of the Shining One.
   742 | D:2      | Reached skill level 4 in Fighting
   750 | D:2      | Found an iron altar of Okawaru.
   824 | D:2      | Reached XP level 4. HP: 31/36 MP: 3/3
   887 | D:2      | Slain by a gnoll

Skill      XL: |  1  2  3 |
---------------+----------+-----
Long Blades    | 2 |  2.4
Shields        | 3 |  3.2
Armour         | 3 |  3.0
Fighting       | 4 |  4.0
Dodging        | |  0.5

Action                   |  1- 3 |  4- 6 || total
-------------------------+-------+-------++-------
Melee: Long sword        |   147 |    20 ||   167
  Eat: Chunk             |     5 |       ||     5
Armor: Scale mail        |    77 |    11 ||    88
Dodge: Dodged            |    40 |     7 ||    47
Block: Shield            |    82 |    18 ||   100
       Rpst.: Long sword |    14 |     3 ||    17
